 Dungeon Crawl Stone Soup version 0.31.0-12-g77e489cdc1 (webtiles) character file.

Game seed: 2947286966350869326

1121 KennySheep the Cleaver (level 8, -5/64 HPs)
             Began as a Hill Orc Monk on Mar 2, 2024.
             Was a Believer of Qazlal.
             Slain by a gnoll bouda
             ... wielding a +0 whip
              (9 damage)
             ... on level 6 of the Dungeon.
             The game lasted 00:07:31 (3904 turns).

KennySheep the Cleaver (Hill Orc Monk)              Turns: 3904, Time: 00:07:32

Health: -5/64      AC:  4    Str: 16    XL:     8   Next: 34%
Magic:  12/12      EV: 12    Int: 10    God:    Qazlal [**....]
Gold:   287        SH:  3    Dex: 13    Spells: 7/7 levels left

rFire   . . .        t - +0 battleaxe
rCold   . . .        (shield currently unavailable)
rNeg    . . .        f - +0 leather armour
rPois   .            q - +0 helmet
rElec   .            (no cloak)
rCorr   .            (no gloves)
SInv    .            (no boots)
Will    .....        m - amulet of regeneration
Stlth   +            (no ring)
HPRegen 1.10/turn    (no ring)
MPRegen 0.13/turn

%: no passive effects
@: weakened
A: no striking features
a: Renounce Religion, Upheaval


You were on level 6 of the Dungeon.
You worshipped Qazlal.
Qazlal was pleased with you.
You visited 1 branch of the dungeon, and saw 6 of its levels.

You collected 287 gold pieces.

Inventory:

Hand Weapons
 a - a +1 vampiric hand axe
 j - a +0 hand axe
 t - a +0 battleaxe (weapon)
Armour
 b - a +0 robe
 d - an orb of light
 f - a +0 leather armour (worn)
 q - a +0 helmet (worn)
Jewellery
 m - an amulet of regeneration (around neck)
 p - a ring of resist corrosion
Wands
 z - a wand of charming (8)
Scrolls
 h - a scroll of immolation
 k - a scroll of revelation {unknown}
 n - 2 scrolls of enchant armour
 o - 2 scrolls of teleportation
 u - a scroll of identify
 v - a scroll of summoning
 w - a scroll of blinking
 y - 2 scrolls of torment {unknown}
Potions
 c - a potion of ambrosia
 e - 2 potions of curing
 g - a potion of might
 i - a potion of cancellation
 l - a potion of invisibility
 r - 3 potions of heal wounds
 s - a potion of lignification
 x - a potion of degeneration


   Skills:
 - Level 3.6 Fighting
 * Level 11.6 Axes
 - Level 2.4 Dodging
 + Level 5.9 Invocations


You had 7 spell levels left.
You didn't know any spells.
Your spell library contained the following spells:

 Spells                   Type           Power      Damage    Failure   Level
 Sandblast                Erth           0%         2d4       43%         1
 Inner Flame              Hex/Fire       0%         N/A       80%         3
 Passwall                 Erth           0%         N/A       80%         3
 Stone Arrow              Conj/Erth      0%         3d7       80%         3
 Brom's Barrelling Bould  Conj/Erth      0%         2d3       99%         4
 Flame Wave               Conj/Fire      0%         2d4       99%         4
 Sticky Flame             Fire/Alch      0%         2d4       99%         4


Dungeon Overview and Level Annotations

Branches:
Dungeon (6/15)
 Temple: D:4-7

Altars:
Ashenzari
Elyvilon
Gozag
Kikubaaqudgha
Qazlal
Vehumet
The Shining One


Message History

The gnoll moves out of view.
A gnoll bouda comes into view. It is wielding a +0 whip.
The gnoll bouda shouts!
A gnoll comes into view. It is wielding a +0 flail.
The gnoll shouts!
The gnoll hits you from afar with a +0 spear.
You block the gnoll's attack. The gnoll misses you.
You hit the gnoll.
The gnoll is moderately wounded.
The gnoll hits you from afar with a +0 spear.
The gnoll bouda barks out a call to the hunt!
The gnolls pick up the pace!
The gnoll hits you from afar with a +0 spear.
You block the gnoll's attack.
You hit the gnoll.
The gnoll is almost dead.
The gnoll closely misses you.
The gnoll hits you from afar with a +0 spear.
You completely miss the gnoll.
The gnoll is almost dead.
The gnoll hits you with a +0 halberd!
The gnoll bouda gazes fiercely through you!
You feel your attacks grow feeble.
The gnoll hits you from afar with a +0 spear!
The gnoll closely misses you. The gnoll barely misses you.
The gnoll hits you from afar with a +0 spear!
The gnoll closely misses you. The gnoll hits you with a +0 spear!
* * * LOW HITPOINT WARNING * * *
The gnoll barely misses you.
You barely miss the gnoll bouda. You closely miss the gnoll.
You hit the gnoll. x2
You slash the gnoll!
You kill the gnoll!
Qazlal accepts your kill.
The gnoll hits you from afar with a +0 spear!
* * * LOW HITPOINT WARNING * * *
The gnoll hits you with a +0 flail!
* * * LOW HITPOINT WARNING * * *
The gnoll bouda hits you with a +0 whip!
You die...

#..#####.......
#..............
#............#
##...........#
#...........#
#.....g....#
......ggg.#
.......@g.#
......)...#
..........##
#####......####
###........
#........
#......##
#.......##
#.........


You could see a gnoll bouda and 4 gnolls.

Vanquished Creatures
  Pikel (D:4)
  A phantom (D:5)
  2 lemures (D:4)
  A scorpion (D:5)
  2 bombardier beetles
  A jelly (D:5)
  3 hounds
  3 iguanas (D:5)
  Robin (D:2)
  7 adders
  7 gnolls
  A white imp (D:5)
  2 ufetubi (D:5)
  3 dart slugs
  3 ribbon worms
  4 orcs (D:3)
  5 ball pythons
  6 endoplasms
  A giant cockroach (D:1)
  18 goblins
  9 hobgoblins
  6 jackals
  8 kobolds
  A quokka (D:5)
  8 bats
  2 frilled lizards
  11 rats
117 creatures vanquished.

Notes
Turn   | Place    | Note
-------+----------+-------------------------------------------
     0 | D:1      | KennySheep the Hill Orc Monk began the quest for the Orb.
     0 | D:1      | Reached XP level 1. HP: 19/19 MP: 1/1
   199 | D:1      | Reached XP level 2. HP: 26/26 MP: 2/2
   291 | D:1      | Reached skill level 5 in Axes
   496 | D:1      | Reached XP level 3. HP: 30/31 MP: 3/3
   773 | D:2      | Reached skill level 6 in Axes
   936 | D:2      | Noticed Robin
   946 | D:2      | Reached XP level 4. HP: 36/39 MP: 4/4
   946 | D:2      | Killed Robin
   971 | D:2      | Reached skill level 7 in Axes
  1313 | D:3      | Reached XP level 5. HP: 45/45 MP: 5/5
  1653 | D:3      | Found an ancient bone altar of Kikubaaqudgha.
  1740 | D:3      | Found a radiant altar of Vehumet.
  2251 | D:4      | Found a stormy altar of Qazlal.
  2261 | D:4      | Became a worshipper of Qazlal Stormbringer
  2261 | D:4      | Reached * piety under Qazlal
  2261 | D:4      | Reached ** piety under Qazlal
  2287 | D:4      | Reached skill level 8 in Axes
  2306 | D:4      | Reached skill level 1 in Invocations
  2339 | D:4      | Reached XP level 6. HP: 27/51 MP: 7/7
  2430 | D:4      | Found a white marble altar of Elyvilon.
  2436 | D:4      | Found an opulent altar of Gozag.
  2441 | D:4      | Found a broken altar of Ashenzari.
  2629 | D:4      | Noticed Pikel
  2637 | D:4      | HP: 2/51 [Pikel/+1 whip of flaming (2)]
  2748 | D:4      | Killed Pikel
  2749 | D:4      | Reached skill level 10 in Axes
  2749 | D:4      | Reached XP level 7. HP: 24/57 MP: 7/10
  3044 | D:5      | Entered Level 5 of the Dungeon
  3051 | D:5      | Found a glowing golden altar of the Shining One.
  3113 | D:5      | Reached skill level 5 in Invocations
  3216 | D:5      | Reached XP level 8. HP: 64/64 MP: 11/11
  3318 | D:5      | Reached skill level 11 in Axes
  3904 | D:6      | Slain by a gnoll bouda

Illustrated notes

Levels and vault maps discovered:
D:1:      lemuel_arrival_tunnels, layout_rooms, minivault_19,
          dreamdust_princess_corridor, minmay_pentomino_p2
D:2:      layout_rooms, nicolae_half_adder, uniq_robin
D:3:      layout_basic, amcnicky_altar_gilded, kiku_gazebo_pond_becter,
          guppyfry_early_orc_mine
D:4:      layout_cave_pools, grunt_qazlal_clouds,
          minmay_overflow_temple_star_quad, kennysheep_generic_room_3,
          uniq_pikel
D:5:      layout_basic, tso_metal_star, dk_vineyard_3
D:6:      layout_layer_cave, minmay_temple_entry_trees, minmay_puff

Skill      XL: |  1  2  3  4  5  6  7  8 |
---------------+-------------------------+-----
Axes           | 5 6 7 8 10 11 | 11.6
Invocations    | 1 4 5 |  5.9
Fighting       | |  3.6
Dodging        | |  2.4

Action                     |  1- 3 |  4- 6 |  7- 9 || total
---------------------------+-------+-------+-------++-------
  Melee: Hand axe          |    89 |    40 |       ||   129
         Battleaxe         |       |   121 |    63 ||   184
    Use: Scroll            |     2 |     3 |     4 ||     9
         Potion            |       |       |     5 ||     5
 Armour: Robe              |     7 |       |       ||     7
         Leather armour    |    47 |   126 |    51 ||   224
  Dodge: Dodged            |    68 |   124 |    48 ||   240
  Block: Other             |       |     7 |     9 ||    16
